 Dungeon Crawl Stone Soup version 0.26-a0-597-gb535b0901c (webtiles) character file.

Game seed: 8572014984841823791

(classic levelgen) 3401 EnegeticOcto the Cleaver (level 9, 31/82 HPs)
             Began as a Deep Dwarf Fighter on Sept 9, 2020.
             Was an Initiate of Makhleb.
             Quit the game on level 8 of the Dungeon.
             The game lasted 00:02:52 (3942 turns).

EnegeticOcto the Cleaver (Deep Dwarf Fighter)       Turns: 3942, Time: 00:02:53

Health: 31/82      AC: 13    Str: 23    XL:     9   Next: 75%
Magic:  6/6        EV:  6    Int:  9    God:    Makhleb [......]
Gold:   290        SH: 11    Dex: 12    Spells: 8/8 levels left

rFire    . . .     SeeInvis .   a - +0 war axe
rCold    . . .     Faith    .   c - +0 kite shield
rNeg     . . .     Spirit   .   q - +0 chain mail
rPois    .         Reflect  .   (no helmet)
rElec    .         Harm     .   (no cloak)
rCorr    .                      y - +0 pair of gloves
MR       +....                  x - +0 pair of boots
Stlth    ..........             (no amulet)
HPRegen  0.00/turn              (no ring)
MPRegen  0.10/turn              (no ring)

@: non-regenerating
A: damage resistance, heal wounds, sense surroundings 2, no regeneration
a: Heal Wounds, Renounce Religion


You were on level 8 of the Dungeon.
You worshipped Makhleb.
Makhleb was noncommittal.
You visited 2 branches of the dungeon, and saw 9 of its levels.
You also visited: Sewer.

You collected 290 gold pieces.

Inventory:

Hand Weapons
 a - a +0 war axe (weapon)
Armour
 b - a +0 scale mail
 c - a +0 kite shield (worn)
 q - a +0 chain mail (worn)
 x - a +0 pair of boots (worn)
 y - a +0 pair of gloves (worn)
Jewellery
 h - an uncursed ring of protection from fire {unknown}
 B - an uncursed amulet of magic regeneration {unknown}
Wands
 s - a wand of iceblast (10) {@v2}
 A - a wand of paralysis (9)
Scrolls
 e - a scroll of immolation {unknown}
 f - 2 scrolls of blinking {unknown}
 i - 4 scrolls of identify {unknown}
 m - a scroll of enchant weapon {unknown}
 p - 5 scrolls of enchant armour {unknown}
 r - 6 scrolls of teleportation {unknown}
 u - 2 scrolls of holy word {unknown}
 z - a scroll of acquirement {unknown}
 C - a scroll of fog {unknown}
Potions
 d - 2 potions of might {@q3}
 g - 4 potions of curing {unknown}
 j - a potion of mutation {unknown}
 k - 2 potions of resistance {unknown}
 l - 5 potions of heal wounds {unknown}
 n - a potion of ambrosia {unknown}
 o - 3 potions of flight {unknown}
 t - a potion of haste {unknown}
 v - 3 potions of degeneration {unknown}
 w - a potion of stabbing {unknown}


   Skills:
 + Level 6.2 Fighting
 * Level 9.8 Axes
 + Level 7.5 Armour
 + Level 7.5 Shields
 + Level 2.2 Invocations


You had 8 spell levels left.
You didn't know any spells.
Your spell library was empty.

Dungeon Overview and Level Annotations

Branches:
Dungeon (8/15)             Temple (1/1) D:5           Sewer (visited)
   Lair: D:8-11

Altars:
Ashenzari
Cheibriados
Dithmenos
Elyvilon
Fedhas
Gozag
Hepliaklqana
Kikubaaqudgha
Makhleb
Nemelex Xobeh
Okawaru
Qazlal
Ru
Sif Muna
Uskayaw
Xom
Yredelemnul
Zin
The Shining One

Annotations:
D:4 1 runed translucent door


Innate Abilities, Weirdness & Mutations

You are resistant to damage.
You can heal yourself by infusing magical energy.
You passively map the area around you.
You do not regenerate.


Message History

The yak barely misses you.
You closely miss the yak.
The yak is severely wounded.
The yak gores you.
You barely miss the yak.
The yak is severely wounded.
The yak gores you. The yak barely misses you.
You hit the yak.
The yak is almost dead.
The yak gores you!
You hit the yak.
You kill the yak!
Makhleb accepts your kill.
Your Invocations skill increases to level 2!
You completely miss the yak.
The yak is heavily wounded.
The yak gores you but does no damage.
You hit the yak.
The yak is heavily wounded.
You block the yak's attack.
You hit the yak.
The yak is severely wounded.
The yak gores you.
You are too injured to fight recklessly!
You are too injured to fight recklessly!
You are too injured to fight recklessly!
You are too injured to fight recklessly!
You are too injured to fight recklessly!
You are too injured to fight recklessly!
You are too injured to fight recklessly!
You are too injured to fight recklessly!
You are too injured to fight recklessly!
You are too injured to fight recklessly!
You are too injured to fight recklessly!
You are too injured to fight recklessly!
You are too injured to fight recklessly!
You are too injured to fight recklessly!
You are too injured to fight recklessly!
You are too injured to fight recklessly!
You are too injured to fight recklessly!
You are too injured to fight recklessly!
You are too injured to fight recklessly!
You are too injured to fight recklessly!
You are too injured to fight recklessly!
You are too injured to fight recklessly!
You are too injured to fight recklessly!
You are too injured to fight recklessly!
You are too injured to fight recklessly!
You feel much better. The yak gores you!
Your shield prevents you from hitting the yak.
The yak is severely wounded.
You block the yak's attack. The yak gores you but does no damage.
You hit the yak but do no damage.
The yak is severely wounded.
The yak gores you but does no damage.
You slash the yak!
The yak is almost dead.
The yak gores you!
You hit the yak but do no damage.
The yak is almost dead.
The yak gores you.
You hit the yak.
The yak is almost dead.
The yak gores you!
You are too injured to fight recklessly!
You are too injured to fight recklessly!
You are too injured to fight recklessly!
You are too injured to fight recklessly!
You are too injured to fight recklessly!
You are too injured to fight recklessly!
You are too injured to fight recklessly!
You are too injured to fight recklessly!
You are too injured to fight recklessly!
You are too injured to fight recklessly!
You are too injured to fight recklessly!
You are too injured to fight recklessly!
You are too injured to fight recklessly!
You are too injured to fight recklessly!
You are too injured to fight recklessly!
You are too injured to fight recklessly!
You are too injured to fight recklessly!
You are too injured to fight recklessly!
You are too injured to fight recklessly!
You are too injured to fight recklessly!
You are too injured to fight recklessly!
You are too injured to fight recklessly!
You are too injured to fight recklessly!
You are too injured to fight recklessly!
You are too injured to fight recklessly!
You are too injured to fight recklessly!
You are too injured to fight recklessly!
You are too injured to fight recklessly!
You are too injured to fight recklessly!
You are too injured to fight recklessly!
You are too injured to fight recklessly!
You are too injured to fight recklessly!
You are too injured to fight recklessly!
You are too injured to fight recklessly!
You are too injured to fight recklessly!
Are you sure you want to abandon this character and quit the game? (Confirm with "yes".) ,, ..... , ,, * ,,##...tK. , , ...
KKo

* ,, , . *
#..,lYK , * * ...
#.# #Y# , * ,
....####.# #Y# ,
*, ... ...#.# #.#
* ,
....##.#.###Y####
, ,
............YY@.#
* ,
.##.#..####.##.#
* , #.#.>####.#
.# , ,
#.........# .# *
,, ###..≈##..# .#
,
......#†##..##.#
* * ,
#######.##.....##
, ,, ,
#..##.#...# ** *
##(......##### *


You could see 3 yaks.

Vanquished Creatures
  A hippogriff (D:7)
  A yak (D:8)
  A water moccasin (D:6)
  An ice beast (D:6)
  An orc warrior (D:7)
  A black bear (D:6)
  2 sky beasts
  2 ogres
  2 centaurs
  2 phantoms
  5 big kobolds (Sewer)
  Blork the orc (D:6)
  4 bullfrogs
  2 scorpions
  5 wights (D:7)
  2 howler monkeys
  2 centaur zombies
  3 hounds
  2 jellies (D:7)
  3 orc priests
  2 bullfrog skeletons
  4 orc wizards
  3 iguanas
  2 worker ants
  A hound skeleton (D:6)
  9 adders
  11 gnolls
  5 shadow imps
  2 white imps
  An ufetubus (D:5)
  5 oozes
  5 worms (Sewer)
  A dart slug (D:5)
  5 leopard geckos
  24 orcs
  5 giant cockroaches
  A hobgoblin (D:1)
  4 jackals (D:5)
  7 kobolds
  4 quokkas
  3 ball pythons
  2 bats (D:3)
  2 frilled lizards
  A goblin zombie (D:4)
  6 rats
158 creatures vanquished.

Notes
Turn   | Place    | Note
-------+----------+-------------------------------------------
     0 | D:1      | EnegeticOcto the Deep Dwarf Fighter began the quest for the
                  | Orb.
     0 | D:1      | Reached XP level 1. HP: 20/20 MP: 1/1
   204 | D:3      | Found a blossoming altar of Fedhas.
   227 | D:3      | Reached XP level 2. HP: 17/27 MP: 2/2
   336 | D:3      | Reached skill level 3 in Axes
   336 | D:3      | Reached XP level 3. HP: 24/34 MP: 3/3
   394 | D:4      | Found a runed translucent door.
   394 | D:4      | Noticed a human
   398 | D:4      | Found a basalt altar of Yredelemnul.
   400 | D:4      | Noticed a scorpion
   410 | D:4      | Killed a scorpion
   410 | D:4      | Reached XP level 4. HP: 24/42 MP: 4/4
   492 | D:4      | Noticed an ogre
   501 | D:4      | Killed an ogre
   501 | D:4      | Reached skill level 4 in Axes
   501 | D:4      | Reached XP level 5. HP: 21/49 MP: 5/5
   546 | D:4      | Reached XP level 6. HP: 34/56 MP: 6/6
   704 | D:4      | Reached skill level 5 in Axes
   819 | D:5      | Entered Level 5 of the Dungeon
   970 | D:5      | Found a staircase to the Ecumenical Temple.
   986 | D:5      | Reached XP level 7. HP: 51/64 MP: 7/7
   991 | Temple   | Entered the Ecumenical Temple
  1224 | D:5      | Reached skill level 5 in Shields
  1270 | D:5      | Reached skill level 5 in Armour
  1355 | D:5      | Reached skill level 6 in Axes
  1365 | D:5      | Found a glowing drain.
  1384 | Sewer    | Entered a sewer
  1866 | Sewer    | Reached XP level 8. HP: 44/73 MP: 7/7
  1933 | Sewer    | Reached skill level 7 in Axes
  2347 | D:6      | Noticed Blork the orc
  2354 | D:6      | Killed Blork the orc
  2407 | D:6      | Reached skill level 5 in Fighting
  2586 | D:6      | Reached skill level 8 in Axes
  2927 | D:7      | Noticed a hippogriff
  2953 | D:7      | Killed a hippogriff
  2953 | D:7      | Gained mutation: You passively map the area around you.
                  | [Deep Dwarf growth]
  2953 | D:7      | Reached XP level 9. HP: 45/81 MP: 8/8
  3139 | D:7      | Reached skill level 9 in Axes
  3189 | D:7      | Found an ancient bone altar of Kikubaaqudgha.
  3576 | D:7      | Found a burning altar of Makhleb.
  3671 | D:7      | Became a worshipper of Makhleb the Destroyer
  3787 | D:8      | Reached skill level 1 in Invocations
  3854 | D:8      | Found an opulent altar of Gozag.
  3942 | D:8      | Quit the game

Illustrated notes

Levels and vault maps discovered:
D:1:      saegor_arrival_simple_b, layout_basic, tso_altar
D:2:      layout_rooms, lemuel_doored_altar, chequers_serial_rivers_small_b,
          nicolae_ru_sacrificial_ziggurat
D:3:      layout_basic, fedhas_altar_3, uniq_ijyb, uniq_natasha
D:4:      layout_rooms, st_stairs_4, dk_yredelemnul_ordeal
D:5:      layout_loops_ring, minmay_temple_entry_sparse_star,
          portal_sewer_entry_b
D:6:      layout_cave_pools, uniq_blork_the_orc
D:7:      layout_loops_cross, lightli_temple_of_fire,
          nicolae_overflow_hidden_temple
D:8:      minmay_blocky_corners, layout_basic, grunt_gozag_breadcrumbs,
          gammafunk_temple_overflow_wave, gammafunk_ghost_cemetery
Temple:   regret_index_temple_generic_petals

Skill      XL: |  1  2  3  4  5  6  7  8  9 |
---------------+----------------------------+-----
Fighting       | 3 4 5 6 |  6.2
Axes           | 3 4 5 6 8 9 |  9.8
Armour         | 4 5 6 7 |  7.5
Shields        | 4 5 6 7 |  7.5
Invocations    | 2 |  2.2

Action                   |  1- 3 |  4- 6 |  7- 9 || total
-------------------------+-------+-------+-------++-------
Melee: War axe           |    59 |    81 |   547 ||   687
 Abil: Heal Wounds       |     1 |     4 |    13 ||    18
Armor: Scale mail        |    24 |    10 |       ||    34
       Chain mail        |       |    22 |   242 ||   264
Dodge: Dodged            |    27 |    16 |   135 ||   178
Block: Kite shield       |    27 |    45 |   277 ||   349

Table legend: (Time is in decaauts)
 A = Elapsed time spent in this place.
 B = Non-inter-level travel time spent in this place.
 C = Inter-level travel time spent in this place.
 D = Time resting spent in this place.
 E = Time spent auto-exploring this place.
 F = Levels seen in this place.
 G = Mean time per level.
                   A        B        C        D        E       F      G
               +--------+--------+--------+--------+--------+-----+--------+
         Total |   4234 |   4014 |    220 |      0 |   2670 |  10 |  423.4 |
       Dungeon |   3280 |   3098 |    182 |      0 |   2077 |   8 |  410.0 |
        Temple |    209 |    172 |     37 |      0 |    171 |   1 |  209.0 |
         Sewer |    743 |    743 |      0 |      0 |    422 |   1 |  743.0 |
               +--------+--------+--------+--------+--------+-----+--------+

Top non-repeatable levels by time:
     D:7: 833 daAuts
     D:5: 759 daAuts
   Sewer: 743 daAuts
     D:6: 593 daAuts
     D:4: 492 daAuts
     D:8: 233 daAuts
  Temple: 209 daAuts
     D:3: 199 daAuts
     D:1: 119 daAuts
     D:2: 49 daAuts
